 Dungeon Crawl Stone Soup version 0.29.0-4-gdea44cf6ec (webtiles) character file.

Game seed: 9979871382143420671

79 qw the Chopper (level 4, 0/26 HPs)
             Began as a Tengu Warper on Aug 28, 2022.
             Slain by an orc
             ... wielding a +0 trident
              (4 damage)
             ... on level 3 of the Dungeon.
             The game lasted 00:00:11 (1975 turns).

qw the Chopper (Tengu Warper)                       Turns: 1975, Time: 00:00:12

Health: 0/26       AC:  6    Str: 14    XL:     4   Next: 38%
Magic:  8/8        EV:  9    Int: 13    God:
Gold:   5          SH:  0    Dex: 13    Spells: 7/7 levels left

rFire   . . .      SeeInvis .   Y - +1 hand axe
rCold   + . .      Faith    .   (no shield)
rNeg    . . .      Spirit   .   f - +0 scale mail
rPois   .          Reflect  .   (helmet restricted)
rElec   .          Harm     .   (no cloak)
rCorr   .          Rampage  .   (no gloves)
Will    .....                   (boots unavailable)
Stlth   ..........              (no amulet)
HPRegen 0.08/turn               d - ring of protection from cold
MPRegen 0.11/turn               (no ring)

@: about to teleport
A: beak, talons 3
a: no special abilities


You were on level 3 of the Dungeon.
You visited 1 branch of the dungeon, and saw 3 of its levels.

You collected 75 gold pieces.
You spent 70 gold pieces at shops.


Innate Abilities, Weirdness & Mutations

You have a beak for a mouth.
You have claws for feet.


   Skills:
 - Level 2.0 Fighting
 + Level 5.0 Axes
 - Level 1.0 Throwing
 - Level 1.1 Armour
 - Level 2.1 Dodging
 - Level 2.0 Spellcasting
 - Level 2.4 Translocations


You had 7 spell levels left.
You didn't know any spells.
Your spell library contained the following spells:

 Spells                   Type           Power      Damage    Failure   Level
 Blink                    Tloc           14%        N/A       54%         2
 Gell's Gravitas          Tloc           7%         N/A       77%         3
 Lesser Beckoning         Tloc           7%         N/A       77%         3
 Teleport Other           Tloc           7%         N/A       77%         3
 Manifold Assault         Tloc           7%         N/A       100%        5

Inventory:

Hand Weapons
 g - a +0 whip
 Y - a +1 hand axe (weapon)
Missiles
 i - 5 boomerangs (quivered)
Armour
 b - a +0 cloak
 f - a +0 scale mail (worn)
Jewellery
 d - a ring of protection from cold (left hand)
Scrolls
 a - 2 scrolls of identify
 l - 3 scrolls of noise {unknown}
Potions
 c - a potion of curing
 e - 2 potions of might
 h - a potion of berserk rage {unknown}
 k - 2 potions of cancellation {unknown}

Dungeon Overview and Level Annotations

Branches:
Dungeon (3/15)

Altars:

Shops:
D:3 ?


Message History

You throw a javelin. The javelin closely misses the orc.
The orc shouts!
Throw: javelin
Press: ? - help, Q - select action, (/) - cycle Shift-Dir - straight line, f/p - orc You throw a javelin.
The javelin closely misses the orc.
You hear an angry hiss.
An orc comes into view. It is wielding a +0 trident.
A ball python and a dart slug come into view.
The ball python hisses angrily.
You hit the orc. You claw the orc.
The orc is moderately wounded.
The orc hits you with a +0 club.
You hit the orc but do no damage. Your kick misses the orc. You peck the orc.
The orc is heavily wounded.
The orc hits you but does no damage.
A kobold comes into view. It is wielding a +0 dagger.
The orc hits you with a +0 club.
The orc hits you from afar with a +0 trident.
The orc barely misses you.
The kobold moves out of view.
You completely miss the orc. Your kick misses the orc.
The orc is heavily wounded.
The orc hits you with a +0 club.
The orc hits you from afar with a +0 trident.
You hit the orc but do no damage.
The orc is heavily wounded.
The orc hits you with a +0 club.
The orc hits you from afar with a +0 trident.
You closely miss the orc. You peck the orc.
The orc is severely wounded.
The orc hits you from afar with a +0 trident.
The orc closely misses you.
1974 ||| READING scroll of teleportation.
As you read the scroll of teleportation, it crumbles to dust.
You feel strangely unstable.
The kobold shouts!
The orc hits you but does no damage. The orc hits you with a +0 club.
You hit the orc.
You kill the orc!
The orc hits you from afar with a +0 trident.
You die...

.... #.. #K. #w. #S#
#o# #)# ###### #@#
######### #....# #.#
#......<# #.##.# ##.##
#.#####.###
#.##.######)..####.
#.....#
#.##..............#
#.#.#.#
###.#########...####.#
#...#.# #.......#
##.## #...# #
#.#>###.# #.# #...#.#
#.#.# #.# #.#
####..##.#


You could see a dart slug, an orc, a ball python and a kobold.

Vanquished Creatures
  An orc wizard (D:3)
  An adder (D:2)
  A dart slug (D:2)
  An orc (D:3)
  4 bats
  4 endoplasms
  3 giant cockroaches
  3 goblins (D:1)
  3 hobgoblins
  4 quokkas
  6 ball pythons
  4 frilled lizards
  5 kobolds
  4 rats
44 creatures vanquished.

Vanquished Creatures (others)
  11 plants (D:1)
11 creatures vanquished.

Grand Total: 55 creatures vanquished

Notes
Turn   | Place    | Note
-------+----------+-------------------------------------------
     0 | D:1      | qw the Tengu Warper began the quest for the Orb.
     0 | D:1      | Reached XP level 1. HP: 12/12 MP: 4/4
     0 | D:1      | 0 ||| qw: Version: 0.1-a-89-g26bdef1
     0 | D:1      | 0 ||| qw: Game counter: 743
     0 | D:1      | 0 ||| qw: Always use a shield: true
     0 | D:1      | 0 ||| qw: God list: Okawaru
     0 | D:1      | 0 ||| qw: Allow faded altars: false
     0 | D:1      | 0 ||| qw: Do Orc after D:15 true
     0 | D:1      | 0 ||| qw: Do second Lair branch before Depths: true
     0 | D:1      | 0 ||| qw: Lair rune preference: random
     0 | D:1      | 0 ||| qw: Plans: Normal
     0 | D:1      | 0 ||| PLANNING D:1-11
   155 | D:1      | Reached XP level 2. HP: 17/17 MP: 6/6
   181 | D:1      | Reached skill level 3 in Axes
   437 | D:1      | You fall into a shaft and drop 1 floor!
   528 | D:2      | Reached XP level 3. HP: 12/21 MP: 7/7
   679 | D:2      | 679 ||| UPGRADING to +0 scale mail.
   689 | D:2      | 689 ||| DROPPING +0 leather armour.
   690 | D:2      | 690 ||| READING scroll labelled RESIHO WOTUE.
   691 | D:2      | 691 ||| DRINKING 2 white potions.
   692 | D:2      | 692 ||| DROPPING scroll of blinking.
   844 | D:1      | Reached skill level 4 in Axes
   877 | D:1      | 877 ||| DROPPING +0 club.
  1077 | D:1      | 1077 ||| UPGRADING to ring of protection from cold.
  1078 | D:1      | 1078 ||| READING scroll labelled VYXITE CIA.
  1079 | D:1      | 1079 ||| READING 2 scrolls of identify.
  1079 | D:1      | 1079 ||| IDENTIFYING golden potion
  1098 | D:2      | 1098 ||| STAIRDANCE
  1198 | D:2      | 1198 ||| Stepping ~*~*~tactically~*~*~ (stealth).
  1200 | D:2      | 1200 ||| Stepping ~*~*~tactically~*~*~ (hiding).
  1797 | D:2      | 1797 ||| READING scroll labelled YNIRUKLI MAASO.
  1896 | D:3      | Found Viggaef's Magic Scroll Emporium.
  1905 | D:3      | 1905 ||| SHOPLISTING scroll of acquirement (728 gold, have
                  | 75).
  1905 | D:3      | 1905 ||| BUYING scroll of identify (28 gold).
  1905 | D:3      | Bought a scroll of identify for 28 gold pieces
  1905 | D:3      | 1905 ||| BUYING scroll of teleportation (42 gold).
  1905 | D:3      | Bought a scroll of teleportation for 42 gold pieces
  1905 | D:3      | 1905 ||| SHOPLISTING scroll of teleportation (42 gold, have
                  | 5).
  1963 | D:3      | Reached skill level 5 in Axes
  1963 | D:3      | Reached XP level 4. HP: 26/26 MP: 8/8
  1973 | D:3      | HP: 6/26 [orc/+0 trident (2)]
  1974 | D:3      | 1974 ||| READING scroll of teleportation.
  1975 | D:3      | Slain by an orc

Levels and vault maps discovered:
D:1:      tarquinn_simple_flora_water_e, layout_basic, serial_glass,
          glass_columns_b, glass_columns_a, serial_bayou_pond_c
D:2:      layout_basic, st_stairs_7, item_on_display_a
D:3:      layout_loops_corners, serial_shops, shop_scrolls,
          hellmonk_ecumenical_altar_run_dry, gammafunk_ghost_gnarly_gnolls

Skill      XL: |  1  2  3 |
---------------+----------+-----
Axes           | 3 5 |  5.0
Fighting       | |  2.0
Throwing       | |  1.0
Armour         | |  1.1
Dodging        | |  2.1
Spellcasting   | |  2.0
Translocations | |  2.4

Action                   |  1- 3 |  4- 6 || total
-------------------------+-------+-------++-------
Melee: Hand axe          |    84 |     6 ||    90
       Peck              |    10 |     2 ||    12
       Kick              |    12 |     1 ||    13
Throw: Boomerang         |    11 |       ||    11
       Javelin           |     3 |     2 ||     5
  Use: Scroll            |     4 |     1 ||     5
       Potion            |     1 |       ||     1
Armor: Leather armour    |    16 |       ||    16
       Scale mail        |    20 |     2 ||    22
Dodge: Dodged            |    35 |     2 ||    37

Table legend:
 A = Non-vault XP
 B = Vault XP
 C = Vault XP percentage of total XP
 D = Non-vault monster count
 E = Vault monster count
 F = Vault count percentage of total count
                 A         B        C        D         E       F
            +---------+---------+-------+---------+---------+-------
      Total |     116 |       1 |   0.9 |      43 |       1 |   2.3
            +---------+---------+-------+---------+---------+-------
        D:1 |      36 |       0 |   0.0 |      23 |       0 |   0.0
        D:2 |      39 |       1 |   2.5 |      16 |       1 |   5.9
        D:3 |      41 |       0 |   0.0 |       4 |       0 |   0.0
            +---------+---------+-------+---------+---------+-------
